 Dungeon Crawl Stone Soup version 0.22-a0-558-gc224181 (webtiles) character file.

423 iamserjio the Chopper (level 6, 40/40 HPs)
             Began as a Gargoyle Fighter on June 27, 2018.
             Quit the game on level 4 of the Dungeon.
             The game lasted 00:08:27 (1893 turns).

iamserjio the Chopper (Gargoyle Fighter)            Turns: 1893, Time: 00:08:27

Health: 40/40      AC: 13    Str: 21    XL:     6   Next: 95%
Magic:  6/6        EV:  7    Int:  8    God:
Gold:   177        SH:  9    Dex: 10    Spells: 5/5 levels left

rFire    . . .     SeeInvis .   a - +1 war axe
rCold    . . .     Gourm    .   c - +0 shield
rNeg     + . .     Faith    .   b - +0 scale mail
rPois    ∞         Spirit   .   i - +1 helmet
rElec    +         Reflect  .   (no cloak)
rCorr    .         Harm     .   (no gloves)
MR       .....                  (no boots)
Stlth    ..........             (no amulet)
HPRegen  0.13/turn              (no ring)
MPRegen  0.10/turn              (no ring)

@: no status effects
A: negative energy resistance 1, electricity resistance, unbreathing,
petrification resistance, rot immunity, AC +4
a: no special abilities


You were on level 4 of the Dungeon.
You were very hungry.

You visited 1 branch of the dungeon, and saw 4 of its levels.

You collected 177 gold pieces.

Inventory:

Hand Weapons
 a - a +1 war axe (weapon)
 j - a cursed -1 blowgun
 o - a +0 hand axe of flaming
Missiles
 k - 2 poisoned needles
 q - 8 exploding tomahawks (quivered)
 r - 4 curare-tipped needles {!f}
Armour
 b - a +0 scale mail (worn)
 c - a +0 shield (worn)
 e - a +0 plate armour
 i - a +1 helmet (worn)
 m - a +0 chain mail
Jewellery
 l - a +4 ring of protection {unknown}
Scrolls
 g - a scroll of fog
 p - 2 scrolls of remove curse {@r2}
 s - a scroll of identify {@r1}
Potions
 d - a potion of might
 h - a potion of heal wounds {unknown}
 n - a potion of haste {unknown}
Comestibles
 f - 5 rations


   Skills:
 + Level 5.4 Fighting
 * Level 5.4 Axes
 - Level 3.3 Armour
 - Level 3.3 Shields


You had 5 spell levels left.
You didn't know any spells.
Your spell library contained the following spells:

 Spells                   Type           Power        Failure   Level  Hunger
 Confuse                  Hex            #.......     100%        3    ####...
 Confusing Touch          Hex            #.....       99%         1    ##.....
 Metabolic Englaciation   Hex/Ice        #.........   100%        5    ######.
 Petrify                  Tmut/Erth      #.......     100%        4    #####..
 Gell's Gravitas          Tloc           #.........   100%        3    ####...
 Yara's Violent Unravell  Hex/Tmut       #.........   100%        5    ######.


Dungeon Overview and Level Annotations

Branches:
Dungeon (4/15)
 Temple: D:4-7

Altars:
Fedhas
Okawaru
Qazlal


Innate Abilities, Weirdness & Mutations

You are resistant to torment.
Your stone body is resilient. (AC +4)
You are immune to poison.
You resist negative energy. (rN+)
You are resistant to electric shocks. (rElec)
You can survive without breathing.
You are immune to petrification.
You are immune to rotting.


Message History

A giant cockroach is nearby!
A giant cockroach is nearby!
A giant cockroach is nearby!
A giant cockroach is nearby!
A giant cockroach is nearby!
A giant cockroach is nearby!
You hit the giant cockroach.
You kill the giant cockroach!
No target in view!
No target in view!
No target in view!
There is a stone staircase leading down here.
Things that are here:
a robe; a dagger
There is a stone staircase leading up here.
Key pressed, stopping explore.
You are feeling hungry.
There is an open door here.
You are feeling very hungry.
Are you sure you want to abandon this character and quit the game? (Confirm with "yes".)

#.# #.# #.# #.# #.# #.#
#.#
##################.####
................@.....#
#######################


There were no monsters in sight!

Vanquished Creatures
  A centaur (D:3)
  A scorpion (D:4)
  A hound (D:4)
  An orc wizard (D:4)
  2 bullfrog skeletons (D:4)
  2 worker ants (D:4)
  7 adders
  A worm (D:3)
  A dart slug (D:1)
  2 leopard geckos
  12 orcs
  3 giant cockroaches
  7 goblins
  A hobgoblin (D:3)
  3 jackals (D:3)
  A quokka (D:2)
  A ball python (D:4)
  A ball python skeleton (D:4)
  6 bats
  3 frilled lizards (D:3)
  4 kobolds (D:3)
  A quokka skeleton (D:4)
  6 rats
68 creatures vanquished.

Notes
Turn   | Place    | Note
-------+----------+-------------------------------------------
     0 | D:1      | iamserjio the Gargoyle Fighter began the quest for the Orb.
     0 | D:1      | Reached XP level 1. HP: 14/14 MP: 1/1
    59 | D:1      | Reached XP level 2. HP: 17/19 MP: 2/2
   137 | D:2      | Found a blossoming altar of Fedhas.
   239 | D:3      | Reached XP level 3. HP: 17/24 MP: 3/3
   596 | D:3      | Reached XP level 4. HP: 25/29 MP: 4/4
   643 | D:3      | Noticed a centaur
   663 | D:3      | Killed a centaur
   663 | D:3      | Reached XP level 5. HP: 8/34 MP: 5/5
   678 | D:3      | HP: 1/34 [worm (7)]
   709 | D:2      | HP: 1/34 [adder (3)]
   731 | D:2      | Found an iron altar of Okawaru.
   774 | D:3      | Found a faded altar of an unknown god.
   866 | D:4      | Reached XP level 6. HP: 9/40 MP: 6/6
   915 | D:4      | Reached skill level 5 in Fighting
   992 | D:4      | Reached skill level 5 in Axes
  1224 | D:4      | Found a stormy altar of Qazlal.
  1392 | D:4      | Found a glowing drain.
  1893 | D:4      | Quit the game

Vault maps used:
D:1:      dpeg_arrival_water_fire, chequers_big_river, cheibriados_altar_1
D:2:      kennysheep_okawaru_gauntlet, minivault_25, tgw_fedhas
D:3:      chequers_temple_overflow_statue_of_worship,
          chequers_ecumenical_altar_simple_redux, first_ration, st_stairs_9,
          minmay_box_of_dots, uniq_jessica
D:4:      kennysheep_spiral_hall, nicolae_qazlal_general_emergency,
          portal_sewer_entry_d, st_stairs_4, hangedman_decor_slide_cut,
          grunt_ministairs_3

Skill      XL: |  1  2  3  4  5  6 |
---------------+-------------------+-----
Axes           | 2 3 4 5 |  5.4
Fighting       | 4 5 |  5.4
Armour         | |  3.3
Shields        | |  3.3

Action                   |  1- 3 |  4- 6 || total
-------------------------+-------+-------++-------
Melee: War axe           |   152 |   136 ||   288
  Use: Potion            |       |     2 ||     2
       Scroll            |       |     8 ||     8
  Eat: Chunk             |       |     3 ||     3
Armor: Scale mail        |    95 |    87 ||   182
Dodge: Dodged            |    62 |    40 ||   102
Block: Shield            |    79 |    83 ||   162

Table legend:
 A = Spawn XP
 B = Non-spawn XP
 C = Spawn XP percentage of total XP
 D = Spawn monster count
 E = Non-spawn monster count
 F = Spawn count percentage of total count
 G = Total turns spent on level
                    A         B        C        D         E        F      G
               +---------+---------+-------+---------+---------+-------+---------
         Total |       0 |     605 |   0.0 |       0 |      68 |   0.0 |  1893
               +---------+---------+-------+---------+---------+-------+---------
           D:1 |       0 |       9 |   0.0 |       0 |       4 |   0.0 |    87
           D:2 |       0 |      33 |   0.0 |       0 |      12 |   0.0 |   273
           D:3 |       0 |     207 |   0.0 |       0 |      33 |   0.0 |   478
           D:4 |       0 |     356 |   0.0 |       0 |      19 |   0.0 |  1055
               +---------+---------+-------+---------+---------+-------+---------
